AoeStats
← SVEDESE

Arena

504464821Analyzed
2v2 RM · 27d ago on Sep 5, 2026· 60m 5s· 4 players
Game mode
Random Map
Map size
Medium (4 player)
Population
200
Speed
Normal
Resources
Standard
Victory
Conquest
Starting age
Dark Age
Ending age
Imperial Age
RankedLock teamsTeams togetherTeam positionsShared explorationLock speedFull tech treeHidden civsTurbo modeCheats
Victory
Defeat
🇹🇼 Mongols · Taiwan
603
+14
🇹🇷 Dravidians · Türkiye
584
+15
🇮🇹 Britons · Italy
564
-15
🇮🇹 Jurchens · Italy
563
-14
Alemanni1991
3:51 Loom
12:34 Feudal Age
13:09 Horse Collar
13:27 Double-Bit Axe
15:08 Wheelbarrow
14:35 Gold Mining
19:57 Fletching
20:08 Padded Archer Armor
22:27 Castle Age
20:59 Forging
20:55 Scale Barding Armor
20:55 Stone Mining
23:08 Heavy Plow
23:21 Bow Saw
23:49 Gold Shaft Mining
23:20 Bodkin Arrow
23:41 Leather Archer Armor
23:15 Crossbowman
25:42 Hand Cart
26:12 Stone Shaft Mining
27:33 Bloodlines
28:43 Squires
29:03 Caravan
32:13 Iron Casting
31:59 Chain Barding Armor
33:15 Fortified Wall
33:26 Ballistics
33:05 Murder Holes
32:50 Treadmill Crane
37:07 Masonry
40:13 Imperial Age
40:50 Elite Iron Pagoda
44:34 Conscription
44:26 Husbandry
45:49 Plate Barding Armor
46:26 Blast Furnace
47:46 Two-Man Saw
47:20 Crop Rotation
SVEDESE
10:32 Feudal Age
11:09 Double-Bit Axe
11:22 Horse Collar
14:02 Gold Mining
15:12 Stone Mining
20:32 Fletching
24:32 Castle Age
23:54 Wheelbarrow
23:39 Padded Archer Armor
25:15 Forging
26:11 Leather Archer Armor
25:52 Bodkin Arrow
26:18 Crossbowman
27:36 Iron Casting
26:26 Man-at-Arms
27:48 Long Swordsman
28:38 Scale Mail Armor
29:20 Gambesons
30:04 Chain Mail Armor
31:03 Arson
31:42 Heavy Plow
32:25 Gold Shaft Mining
34:03 Wheelbarrow
34:03 Ballistics
34:08 Fortified Wall
33:34 Pikeman
35:50 Squires
35:20 Elite Skirmisher
36:59 Bow Saw
40:56 Imperial Age
41:01 Yeomen
42:43 Chemistry
42:16 Bracer
43:03 Guard Tower
45:45 Two-Handed Swordsman
49:03 Elite Longbowman
50:15 Champion
52:14 Husbandry
jp1363
5:51 Loom
12:31 Feudal Age
12:59 Double-Bit Axe
13:16 Horse Collar
14:00 Gold Mining
14:33 Arson
17:18 Wheelbarrow
17:00 Stone Mining
22:16 Castle Age
20:15 Arson
20:59 Scale Mail Armor
20:29 Man-at-Arms
22:40 Forging
23:07 Heavy Plow
23:42 Bow Saw
25:45 Gold Shaft Mining
25:23 Squires
26:06 Pikeman
26:52 Fletching
29:15 Nomads
28:38 Long Swordsman
29:32 Bodkin Arrow
29:38 Padded Archer Armor
30:43 Ballistics
30:21 Murder Holes
31:36 Leather Archer Armor
32:39 Caravan
36:02 Imperial Age
34:43 Scale Barding Armor
34:56 Bloodlines
34:47 Husbandry
34:09 Light Cavalry
35:53 Iron Casting
37:15 Conscription
37:17 Drill
37:42 Hand Cart
37:12 Town Watch
38:30 Bracer
39:58 Hoardings
40:28 Blast Furnace
40:24 Capped Ram
40:47 Elite Skirmisher
41:35 Thumb Ring
42:00 Parthian Tactics
45:04 Chemistry
45:22 Elite Mangudai
47:35 Hussar
48:41 Chain Barding Armor
59:57 Siege Engineers
NarkoTeror
11:58 Feudal Age
12:43 Double-Bit Axe
12:41 Horse Collar
13:44 Man-at-Arms
19:06 Castle Age
17:27 Stone Mining
20:16 Bow Saw
21:26 Wheelbarrow
20:44 Town Watch
21:05 Pikeman
21:44 Arson
22:44 Gold Mining
23:18 Man-at-Arms
24:09 Padded Archer Armor
24:11 Scale Mail Armor
24:24 Forging
25:01 Heavy Plow
27:04 Fletching
27:29 Leather Archer Armor
27:51 Iron Casting
27:47 Hand Cart
28:05 Town Patrol
34:33 Imperial Age
32:51 Gambesons
32:27 Long Swordsman
33:08 Squires
33:33 Loom
34:38 Bodkin Arrow
35:00 Chain Mail Armor
34:48 Elite Urumi Swordsman
35:08 Siege Elephant
36:19 Bracer
36:50 Ring Archer Armor
36:55 Plate Mail Armor
37:30 Halberdier
37:34 Two-Handed Swordsman
39:01 Hoardings
38:48 Conscription
40:15 Wootz Steel
41:03 Champion
45:10 Thumb Ring
44:26 Elite Elephant Archer
47:00 Blast Furnace
46:31 Ballistics
47:36 Chemistry
52:59 Murder Holes
53:19 Fortified Wall
53:26 Masonry
Connection lost

Rejoining the realm…

Still unreachable

The connection could not be restored.

Session expired

The server has moved on; the page needs a fresh start.